 Dungeon Crawl Stone Soup version 0.30-a0-782-ge64f9170bb (webtiles) character file.

Game seed: 15073262540972754884

842 Dirian the Slasher (level 7, -14/62 HPs)
             Began as a Minotaur Fighter on Mar 16, 2023.
             Killed from afar by a steam dragon (21 damage)
             ... with a ball of steam
             ... on level 5 of the Dungeon.
             The game lasted 00:08:53 (3745 turns).

Dirian the Slasher (Minotaur Fighter)               Turns: 3745, Time: 00:08:54

Health: -14/62     AC: 11    Str: 19 (20) XL:     7   Next: 67%
Magic:  6/6        EV:  7    Int:  4 (5)  God:
Gold:   275        SH: 10    Dex:  9 (10) Spells: 6/6 levels left

rFire   . . .      SeeInvis .    a - +0 long sword
rCold   . . .      Faith    .    c - +1 buckler
rNeg    . . .      Spirit   .    m - +0 chain mail
rPois   .          Reflect  +    (helmet restricted)
rElec   .          Harm     .    e - +0 cloak
rCorr   .          Rampage  .    (no gloves)
Will    .....                    (no boots) Stlth
                                 i - amulet of reflection
HPRegen 0.30/turn                (no ring)
MPRegen 0.10/turn                (no ring)

@: mighty
A: horns 2, retaliatory headbutt, clumsy 1, mutation resistance 1
a: no special abilities


You were on level 5 of the Dungeon.
You visited 1 branch of the dungeon, and saw 5 of its levels.

You collected 275 gold pieces.

Inventory:

Hand Weapons
 a - a +0 long sword (weapon)
 h - a +2 flail of venom
Armour
 c - a +1 buckler (worn)
 e - a +0 cloak (worn)
 m - a +0 chain mail (worn)
Jewellery
 i - an amulet of reflection (around neck)
Wands
 f - a wand of paralysis (15)
 v - a wand of digging (3)
Scrolls
 g - 4 scrolls of poison
 j - a scroll of enchant armour
 k - 2 scrolls of fear
 l - a scroll of enchant weapon
 t - 3 scrolls of teleportation
Potions
 b - a potion of attraction {unknown}


   Skills:
 + Level 5.6 Fighting
 + Level 7.2 Long Blades
 + Level 6.5 Armour
 + Level 5.0 Shields


You had 6 spell levels left.
You didn't know any spells.
Your spell library contained the following spells:

 Spells                   Type           Power      Damage    Failure   Level
 Gell's Gravitas          Tloc           0%         N/A       100%        3
 Portal Projectile        Hex/Tloc       0%         N/A       100%        3
 Teleport Other           Tloc           0%         N/A       100%        3
 Tukima's Dance           Hex            0%         N/A       100%        3
 Blade Hands              Tmut           0%         N/A       100%        5
 Dispersal                Tloc           0%         N/A       100%        6


Dungeon Overview and Level Annotations

Branches:
Dungeon (5/15) Zot: 26191
 Temple: D:4-7

Altars:
Ru

Shops:
D:3 *   D:5 (=(


Innate Abilities, Weirdness & Mutations

You have a pair of horns on your head.
You reflexively headbutt those who attack you in melee.
You are clumsy. (Dex -2)
You are somewhat resistant to further mutation.


Message History

The steam dragon breathes steam at you. The ball of steam hits you.
* * * LOW HITPOINT WARNING * * *
You hit the steam dragon.
You headbutt the steam dragon, but do no damage.
The steam dragon is heavily wounded.
You are engulfed in a cloud of scalding steam.
* * * LOW HITPOINT WARNING * * *
The steam dragon completely misses you.
The steam dragon claws you but does no damage.
You feel very mighty all of a sudden.
The steam dragon bites you but does no damage.
The steam dragon barely misses you.
You barely miss the steam dragon.
The steam dragon is heavily wounded.
You block the water moccasin's attack. The steam dragon closely misses you.
The steam dragon claws you but does no damage.
The steam dragon bites you but does no damage.
The steam dragon claws you.
* * * LOW HITPOINT WARNING * * *
The water moccasin bites you but does no damage.
You slash the steam dragon!
The steam dragon is severely wounded.
The water moccasin closely misses you.
The steam dragon bites you but does no damage.
The steam dragon claws you but does no damage.
You hit the steam dragon. Your headbutt misses the steam dragon.
The steam dragon is almost dead.
You are engulfed in a cloud of scalding steam.
The water moccasin bites you but does no damage.
The steam dragon bites you.
* * * LOW HITPOINT WARNING * * *
You block the steam dragon's attack.
A quokka comes into view.
You block the water moccasin's attack. The water moccasin bites you.
* * * LOW HITPOINT WARNING * * *
The steam dragon breathes steam at you. The ball of steam hits you!!
You die...

#...... .......
....... #.. .......
. #.# ....... .. #.#
....... .$$
#.####§...... ..$∩$
#.....S......
..$$$)#...D@§......
###...#r......##+##
#........#######.#
#..............#.#
#.........####.#.##
####+####..###)#..##
.. ##..##.#...#
###.##.###.###.#
........+..∩..+


You could see a steam dragon (catching breath), a water moccasin and a quokka.

Vanquished Creatures
  Sigmund (D:3)
  A centaur (D:5)
  A phantom (D:3)
  2 necrophages (D:4)
  Blork the orc (D:4)
  A jelly (D:4)
  Crazy Yiuf (D:4)
  A hound (D:4)
  Ijyb (D:4)
  An iguana (D:4)
  Natasha (thrice) (D:3)
  3 gnolls (D:4)
  A white imp (D:4)
  2 worms
  A dart slug (D:1)
  6 orcs
  9 bats
  6 endoplasms
  7 giant cockroaches
  4 goblins
  7 hobgoblins
  6 jackals (D:1)
  7 kobolds
  A quokka (D:1)
  6 ball pythons
  6 frilled lizards
  7 rats
93 creatures vanquished.

Notes
Turn   | Place    | Note
-------+----------+-------------------------------------------
     0 | D:1      | Dirian the Minotaur Fighter began the quest for the Orb.
     0 | D:1      | Reached XP level 1. HP: 19/19 MP: 0/0
    43 | D:1      | Reached XP level 2. HP: 27/27 MP: 1/1
   432 | D:1      | Reached XP level 3. HP: 33/33 MP: 2/2
   932 | D:2      | Reached skill level 3 in Long Blades
  1306 | D:2      | Found a sacrificial altar of Ru.
  1648 | D:3      | Noticed Sigmund
  1658 | D:3      | Killed Sigmund
  1659 | D:3      | Reached skill level 5 in Long Blades
  1659 | D:3      | Reached XP level 4. HP: 41/41 MP: 3/3
  1659 | D:3      | Reached XP level 5. HP: 47/47 MP: 4/4
  1765 | D:3      | Found Buduj's Assorted Antiques.
  1876 | D:3      | Noticed a phantom
  1890 | D:3      | Killed a phantom
  1891 | D:3      | Reached skill level 5 in Armour
  1891 | D:3      | Reached XP level 6. HP: 39/55 MP: 5/5
  2079 | D:3      | Noticed Natasha
  2083 | D:3      | Killed Natasha
  2196 | D:3      | Noticed Natasha
  2199 | D:3      | Killed Natasha
  2224 | D:3      | Noticed Natasha
  2230 | D:3      | Killed Natasha
  2231 | D:3      | Reached skill level 5 in Fighting
  2440 | D:4      | Noticed Blork the orc
  2512 | D:4      | Reached skill level 6 in Long Blades
  2533 | D:4      | Noticed Ijyb
  2569 | D:4      | Killed Ijyb
  2671 | D:4      | Gained mutation: You are clumsy. (Dex -2) [potion of
                  | mutation]
  2671 | D:4      | Gained mutation: You are somewhat resistant to further
                  | mutation. [potion of mutation]
  2681 | D:4      | Killed Blork the orc
  2728 | D:4      | Identified the +1 scale mail of Hemiariemm {Int+4}
  2743 | D:4      | Reached XP level 7. HP: 38/61 MP: 6/6
  3274 | D:4      | Found a runed translucent door.
  3275 | D:4      | Noticed Crazy Yiuf
  3297 | D:4      | Killed Crazy Yiuf
  3393 | D:5      | Entered Level 5 of the Dungeon
  3409 | D:4      | Reached skill level 7 in Long Blades
  3448 | D:5      | Noticed a steam dragon
  3470 | D:5      | Found Deupn's Weapon Shoppe.
  3540 | D:4      | Reached skill level 5 in Shields
  3680 | D:5      | Found Aturu's Jewellery Shop.
  3699 | D:5      | Found Qisip's Weapon Shop.
  3745 | D:5      | Killed from afar by a steam dragon

Illustrated notes

Levels and vault maps discovered:
D:1:      beargit_arrival_diablo_church, layout_basic
D:2:      layout_basic, basic_altar
D:3:      layout_basic, serial_shops, nicolae_diamond_shop,
          corexii_corridor_pit, uniq_natasha, uniq_sigmund
D:4:      layout_rooms, uniq_crazy_yiuf_cottage, uniq_blork_the_orc, uniq_ijyb
D:5:      layout_basic, vehumet_crystals, minmay_temple_entry_mist,
          serial_shops, nicolae_shop_hallway_plus, nicolae_shop_hallway_plus,
          nicolae_shop_behind_doors, shop_coins, nicolae_stop_n_shop_1

Skill      XL: |  1  2  3  4  5  6  7 |
---------------+----------------------+-----
Armour         | 4 5 6 |  6.5
Fighting       | 4 5 |  5.6
Shields        | 4 5 |  5.0
Long Blades    | 5 6 7 |  7.2

Action                     |  1- 3 |  4- 6 |  7- 9 || total
---------------------------+-------+-------+-------++-------
  Melee: Long sword        |   117 |   109 |    84 ||   310
         Headbutt          |    16 |    25 |    14 ||    55
    Use: Scroll            |     4 |     1 |     1 ||     6
         Potion            |     1 |     4 |     2 ||     7
 Armour: Scale mail        |    64 |    30 |    16 ||   110
         Chain mail        |       |       |    13 ||    13
         Skin              |       |       |     9 ||     9
  Dodge: Dodged            |    57 |    36 |    33 ||   126
  Block: Buckler           |    33 |    29 |    31 ||    93
         Reflection        |       |       |     1 ||     1

Table legend: (Time is in decaauts)
 A = Elapsed time spent in this place.
 B = Non-inter-level travel time spent in this place.
 C = Inter-level travel time spent in this place.
 D = Time resting spent in this place.
 E = Time spent auto-exploring this place.
 F = Levels seen in this place.
 G = Mean time per level.
                   A        B        C        D        E       F      G
               +--------+--------+--------+--------+--------+-----+--------+
         Total |   3807 |   3675 |    132 |    177 |   2631 |   5 |  761.4 |
       Dungeon |   3807 |   3675 |    132 |    177 |   2631 |   5 |  761.4 |
               +--------+--------+--------+--------+--------+-----+--------+

Top non-repeatable levels by time:
     D:4: 1077 daAuts
     D:1: 944 daAuts
     D:3: 839 daAuts
     D:2: 730 daAuts
     D:5: 215 daAuts
